Red Wings vs Penguins

Created - April 2, 2019 at 19:29

Goals
1 2 3 T
Red Wings 2 1 3 6
Penguins 1 1 2 4
Shots
1 2 3 T
Red Wings 12 11 13 36
Penguins 16 10 12 38

1st period

1. Red Wings , Tim Connolly 28 (Sean Bergenheim 31, Tyler Seguin 29) at 11:16
2. Penguins , Mike Komisarek 2 (David Booth 30, Dustin Brown 31) at 16:24 (PP)
3. Red Wings , Chris Kelly 15 (Oleg Saprykin 5) at 17:25

Penalties :
Tyler Toffoli (Det) for High sticking (Minor) at 3:38, Andrew Cogliano (Pit) for Slashing (Minor) at 11:53, Ales Hemsky (Det) for Hooking (Minor) at 15:51

2nd period

4. Red Wings , Ryan O'Byrne 10 (Tim Connolly 31, Ales Hemsky 12) at 4:00 (PP)
5. Penguins , Mike Komisarek 3 (Logan Couture 11, Dustin Brown 32) at 5:12

Penalties :
Keith Aulie (Pit) for High sticking (Minor) at 3:26, Philip Samuelsson (Det) for Slashing (Minor) at 5:19, Vladislav Namestnikov (Det) for Holding (Minor) at 13:29

3rd period

6. Penguins , Dustin Brown 24 (Keith Aulie 24) at 0:52 (PP)
7. Red Wings , Carson Mcmillan 7 (Jiri Fischer 21) at 3:56
8. Red Wings , Oleg Saprykin 3 (Chris Kelly 19) at 6:46
9. Penguins , Dustin Brown 25 (David Booth 31, Logan Couture 12) at 12:50
10. Red Wings , Chris Kelly 16 (Carson Mcmillan 13) at 19:03 (Empty Net)

Penalties :
Tim Connolly (Det) for Tripping (Minor) at 0:25, Steven Stamkos (Pit) for Interference (Minor) at 7:15

Goalie Stats

James Reimer (Det), 34 saves from 38 shots - (0.895), W, 16-11-7, 60:00 minutes
Jacob Markstrom (Pit), 30 saves from 35 shots - (0.857), L, 21-28-7, 59:43 minutes

Players Stats for Red Wings

Player Name              G  A  P  +/- PIM S  H  SB GA TA FO     MP     PP MP  PK MP  
------------------------------------------------------------------------------------
Adam Henrique            0  0  0   0  0   4  1  0  1  0  0/1    17:29   2:36   0:00 
Ales Hemsky              0  1  1   0  2   5  0  0  0  0  1/1    16:24   1:56   0:00 
Anton Volchenkov         0  0  0   2  0   0  0  0  0  0  0/0    17:05   0:00   3:37 
Carson Mcmillan          1  1  2   2  0   3  2  0  0  1  0/0    10:19   0:00   3:30 
Chris Kelly              2  1  3   3  0   2  1  1  1  1  4/8    14:44   0:00   3:30 
Jiri Fischer             0  1  1   3  0   1  2  2  0  1  0/0    24:19   1:28   3:20 
Jiri Hudler              0  0  0   2  0   2  1  1  1  0  0/0    10:07   0:00   0:00 
Lubomir Visnovsky        0  0  0   2  0   0  0  0  0  1  0/0    17:05   0:00   3:37 
Michael Haley            0  0  0   1  0   3  0  0  0  0  0/0     5:54   0:00   0:00 
Oleg Saprykin            1  1  2   2  0   1  0  1  0  0  1/3    13:53   0:00   3:27 
Ole-Kristian Tollefsen   0  0  0  -2  0   6  0  1  0  0  0/0    18:36   3:04   0:00 
Philip Samuelsson        0  0  0  -2  2   1  0  1  1  0  0/0    19:19   3:04   0:00 
Ryan O'Byrne             1  0  1   3  0   2  0  0  0  1  0/0    24:19   1:28   3:20 
Sean Bergenheim          0  1  1   0  0   2  2  0  2  0  0/3    22:16   1:56   3:27 
Tim Connolly             1  1  2  -1  2   2  1  1  1  1  9/28   18:23   1:56   0:00 
Tyler Seguin             0  1  1   0  0   1  2  0  0  1  19/30  17:29   2:36   0:00 
Tyler Toffoli            0  0  0  -1  2   1  1  0  0  2  1/3    19:09   2:36   0:00 
Vladislav Namestnikov    0  0  0   1  2   0  0  0  0  0  1/3     6:08   0:00   0:00 

Players Stats for Penguins

Player Name              G  A  P  +/- PIM S  H  SB GA TA FO     MP     PP MP  PK MP  
------------------------------------------------------------------------------------
Andrew Cogliano          0  0  0  -3  2   3  1  1  3  0  0/1    21:26   3:07   1:45 
Cal Clutterbuck          0  0  0  -1  0   2  5  0  0  0  0/0    10:48   0:00   0:11 
Christian Ehrhoff        0  0  0   0  0   1  1  0  0  1  0/0    10:57   0:00   0:00 
D.J King                 0  0  0  -1  0   2  2  0  0  0  0/1    13:54   0:06   1:29 
David Booth              0  2  2   2  0   3  2  0  2  0  0/0    17:30   3:44   0:31 
Dustin Brown             2  2  4   2  0   6  1  0  0  0  1/1    17:00   3:47   0:00 
Eric Gryba               0  0  0   0  0   2  0  2  0  0  0/0    20:41   2:40   2:08 
Keith Aulie              0  1  1  -3  2   3  1  1  1  2  0/0    28:21   4:17   2:24 
Logan Couture            0  2  2   2  0   0  3  0  0  0  15/21  19:03   3:44   2:06 
Marcus Foligno           0  0  0  -1  0   1  1  0  0  0  0/0     6:24   0:00   0:00 
Martin St. Louis         0  0  0  -2  0   1  3  0  0  0  0/0     6:44   0:08   0:00 
Mike Komisarek           2  0  2   0  0   4  0  0  0  0  0/0    20:07   2:40   1:34 
Paul Ranger              0  0  0   0  0   1  0  1  0  0  0/0    10:57   0:00   0:00 
Riley Armstrong          0  0  0  -1  0   2  1  0  0  0  2/4     6:24   0:00   0:00 
Riley Sheahan            0  0  0  -1  0   1  3  0  1  1  5/9    14:10   0:08   1:41 
Sean Zimmerman           0  0  0  -3  0   2  4  1  1  2  0/0    28:56   4:17   2:58 
Steven Stamkos           0  0  0  -3  2   2  2  2  1  1  21/40  22:40   3:05   1:21 
T.J. Oshie               0  0  0  -2  0   2  2  0  0  0  0/3    19:23   3:02   0:00 

3 Stars

1 - Chris Kelly (Det)
2 - Dustin Brown (Pit)
3 - Carson Mcmillan (Det)

Power Play

Red Wings - 1 on 3 Attempt(s) - 33.33%
Penguins - 2 on 5 Attempt(s) - 40.00%

Penalty Kill

Red Wings - 3 on 5 Attempt(s) - 60.00% - Score 0 goal in Penalty Kill
Penguins - 2 on 3 Attempt(s) - 66.67% - Score 0 goal in Penalty Kill

Team Stat

Red Wings - Hits : 13 - Faceoff Wins : 36 - Blocked Shots : 8 - Penalty Minutes : 10
Penguins - Hits : 32 - Faceoff Wins : 44 - Blocked Shots : 8 - Penalty Minutes : 6

Official

Referees : Unknown
Linesman : Unknown

Game Notes

Chris Kelly has scored in a empty net!

Finance

Level 1 -- Attendance: 5447 (90.78%) -- Ticket Income $446,654
Level 2 -- Attendance: 4986 (99.72%) -- Ticket Income $224,370
Level 3 -- Attendance: 1727 (86.35%) -- Ticket Income $56,991
Level 4 -- Attendance: 3666 (91.65%) -- Ticket Income $91,650
Luxury Box -- Attendance: 1000 (100.00%) -- Ticket Income $160,000
Game was played at the Igloo.
Total Attendance: 16826 (93.48%)
Total Ticket Income: $979,665
Other Income: $146,950
Total Income: $1,126,615

Red Wings

5 vs 5 Forward 
   Center                   Left Wing                Right Wing               Time % Phy DF OF 
 1 Tim Connolly             Sean Bergenheim          Tyler Toffoli            38     0   2  3  
 2 Tyler Seguin             Adam Henrique            Ales Hemsky              37     0   2  3  
 3 Chris Kelly              Oleg Saprykin            Jiri Hudler              17     0   3  2  
 4 Vladislav Namestnikov    Michael Haley            Carson Mcmillan          8      1   2  2  

5 vs 5 Defense 
   Defense                  Defense                                           Time % Phy DF OF 
 1 Jiri Fischer             Ryan O'Byrne                                      35     0   3  2  
 2 Ole-Kristian Tollefsen   Philip Samuelsson                                 35     0   3  2  
 3 Lubomir Visnovsky        Anton Volchenkov                                  20     0   3  2  
 4 Lubomir Visnovsky        Anton Volchenkov                                  10     0   3  2  

PowerPlay Forward 
   Center                   Left Wing                Right Wing               Time % Phy DF OF 
 1 Tyler Seguin             Adam Henrique            Tyler Toffoli            55     0   1  4  
 2 Tim Connolly             Sean Bergenheim          Ales Hemsky              45     0   1  4  

PowerPlay Defense
   Defense                  Defense                                           Time % Phy DF OF 
 1 Philip Samuelsson        Ole-Kristian Tollefsen                            60     0   2  3  
 2 Ryan O'Byrne             Jiri Fischer                                      40     0   2  3  

Penalty Kill 4 Players Forward 
   Center                   Wing                     Time % Phy DF OF 
 1 Oleg Saprykin            Sean Bergenheim          50     1   2  2  
 2 Chris Kelly              Carson Mcmillan          50     1   2  2  

Penalty Kill 4 Players Defense
   Defense                  Defense                  Time % Phy DF OF 
 1 Lubomir Visnovsky        Anton Volchenkov         50     1   2  2  
 2 Jiri Fischer             Ryan O'Byrne             50     1   2  2  

Penalty Kill - 3 Players Forward 
   Forward                                           Time % Phy DF OF 
 1 Carson Mcmillan                                   60     1   2  2  
 2 Oleg Saprykin                                     40     1   2  2  

Penalty Kill - 3 Players Defense
   Defense                  Defense                  Time % Phy DF OF 
 1 Lubomir Visnovsky        Anton Volchenkov         50     1   2  2  
 2 Ryan O'Byrne             Ole-Kristian Tollefsen   50     1   2  2  

4 vs 4 Forward 
   Center                   Wing                     Time % Phy DF OF 
 1 Tyler Seguin             Adam Henrique            60     1   2  2  
 2 Tim Connolly             Tyler Toffoli            40     1   2  2  

4 vs 4 Defense
   Defense                  Defense                  Time % Phy DF OF 
 1 Ryan O'Byrne             Jiri Fischer             60     1   2  2  
 2 Ole-Kristian Tollefsen   Philip Samuelsson        40     1   2  2  

Last Minutes Offensive
   Center                   Left Wing                Right Wing               Defense                  Defense                  
   Tyler Seguin             Adam Henrique            Tim Connolly             Ole-Kristian Tollefsen   Philip Samuelsson        

Last Minutes Defensive
   Center                   Left Wing                Right Wing               Defense                  Defense                  
   Chris Kelly              Sean Bergenheim          Carson Mcmillan          Ryan O'Byrne             Lubomir Visnovsky        

Goaltenders
Starting : James Reimer             
Backup : Josh Harding             

Extra Forwards
Normal : Adam Henrique, Tyler Seguin, Chris Kelly - PP : Chris Kelly, Ales Hemsky - PK : Chris Kelly
Extra Defensemen
Normal : Ole-Kristian Tollefsen, Philip Samuelsson, Ryan O'Byrne - PP : Ryan O'Byrne - PK : Philip Samuelsson, Ole-Kristian Tollefsen
Penalty Shots
Carson Mcmillan, Tyler Seguin, Tim Connolly, Sean Bergenheim, Ales Hemsky

Scratches
Alex Picard (Broken Ribs Injury), Brent Seabrook (Healthy), Shawn Horcoff (Healthy)

Penguins

5 vs 5 Forward 
   Center                   Left Wing                Right Wing               Time % Phy DF OF 
 1 Steven Stamkos           Andrew Cogliano          T.J. Oshie               40     1   1  3  
 2 Logan Couture            David Booth              Dustin Brown             30     1   1  3  
 3 Riley Sheahan            D.J King                 Cal Clutterbuck          20     1   3  1  
 4 Riley Armstrong          Marcus Foligno           Martin St. Louis         10     1   1  3  

5 vs 5 Defense 
   Defense                  Defense                                           Time % Phy DF OF 
 1 Keith Aulie              Sean Zimmerman                                    44     1   2  2  
 2 Eric Gryba               Mike Komisarek                                    33     1   2  2  
 3 Paul Ranger              Christian Ehrhoff                                 23     1   2  2  
 4 Keith Aulie              Sean Zimmerman                                    0      1   2  2  

PowerPlay Forward 
   Center                   Left Wing                Right Wing               Time % Phy DF OF 
 1 Steven Stamkos           Andrew Cogliano          T.J. Oshie               60     0   1  4  
 2 Logan Couture            David Booth              Dustin Brown             40     0   1  4  

PowerPlay Defense
   Defense                  Defense                                           Time % Phy DF OF 
 1 Keith Aulie              Sean Zimmerman                                    60     1   1  3  
 2 Eric Gryba               Mike Komisarek                                    40     1   1  3  

Penalty Kill 4 Players Forward 
   Center                   Wing                     Time % Phy DF OF 
 1 Steven Stamkos           Andrew Cogliano          60     1   3  1  
 2 Logan Couture            Cal Clutterbuck          40     1   3  1  

Penalty Kill 4 Players Defense
   Defense                  Defense                  Time % Phy DF OF 
 1 Keith Aulie              Sean Zimmerman           60     1   4  0  
 2 Eric Gryba               Mike Komisarek           40     1   4  0  

Penalty Kill - 3 Players Forward 
   Forward                                           Time % Phy DF OF 
 1 Steven Stamkos                                    60     1   3  1  
 2 Logan Couture                                     40     1   3  1  

Penalty Kill - 3 Players Defense
   Defense                  Defense                  Time % Phy DF OF 
 1 Keith Aulie              Sean Zimmerman           60     1   4  0  
 2 Eric Gryba               Mike Komisarek           40     1   4  0  

4 vs 4 Forward 
   Center                   Wing                     Time % Phy DF OF 
 1 Steven Stamkos           Andrew Cogliano          60     1   1  3  
 2 Logan Couture            Dustin Brown             40     1   1  3  

4 vs 4 Defense
   Defense                  Defense                  Time % Phy DF OF 
 1 Keith Aulie              Sean Zimmerman           60     1   2  2  
 2 Eric Gryba               Mike Komisarek           40     1   2  2  

Last Minutes Offensive
   Center                   Left Wing                Right Wing               Defense                  Defense                  
   Steven Stamkos           Andrew Cogliano          Martin St. Louis         Keith Aulie              Sean Zimmerman           

Last Minutes Defensive
   Center                   Left Wing                Right Wing               Defense                  Defense                  
   Logan Couture            Andrew Cogliano          Cal Clutterbuck          Keith Aulie              Sean Zimmerman           

Goaltenders
Starting : Jacob Markstrom          
Backup : Sergei Bobrovsky         

Extra Forwards
Normal : Steven Stamkos, Logan Couture, Riley Sheahan - PP : Steven Stamkos, Logan Couture - PK : Logan Couture
Extra Defensemen
Normal : Sean Zimmerman, Eric Gryba, Christian Ehrhoff - PP : Keith Aulie - PK : Sean Zimmerman, Eric Gryba
Penalty Shots
Steven Stamkos, David Booth, Andrew Cogliano, Logan Couture, Dustin Brown

Scratches
Ryan O'Reilly (Groin Injury), Patrick Marleau (Healthy), Josh Tordjman (Healthy)

% Time on Ice - Red Wings

Lines # - Real PCT - Wanted PCT - Time Play
Normal Forward
1 - 35% - 38% - 17:06
2 - 31% - 37% - 15:13
3 - 21% - 17% - 10:07
4 - 12% - 8% - 5:54
Normal Defense
1 - 38% - 35% - 18:12
2 - 38% - 35% - 18:13
3 - 19% - 20% - 8:58
4 - 6% - 10% - 2:57
PP Forward
1 - 57% - 55% - 2:36
2 - 43% - 45% - 1:56
PP Defense
1 - 68% - 60% - 3:04
2 - 32% - 40% - 1:28
PK Forward
1 - 50% - 50% - 3:27
2 - 50% - 50% - 3:30
PK Defense
1 - 52% - 50% - 3:37
2 - 48% - 50% - 3:20
PK3 Forward
1 - 0% - 60%
2 - 0% - 40%
PK3 Defense
1 - 0% - 50%
2 - 0% - 50%
44 Forward
1 - 0% - 60%
2 - 0% - 40%
44 Defense
1 - 0% - 60%
2 - 0% - 40%
Last Minute Offensive  - 0:00
Last Minute Defensive  - 0:11
Total
Forward - 60:00
Defense - 60:00

% Time on Ice - Penguins

Lines # - Real PCT - Wanted PCT - Time Play
Normal Forward
1 - 37% - 40% - 18:05
2 - 27% - 30% - 13:13
3 - 22% - 20% - 10:37
4 - 13% - 10% - 6:24
Normal Defense
1 - 44% - 44% - 21:29
2 - 33% - 33% - 15:53
3 - 23% - 23% - 10:57
4 - 0% - 0% - 0:00
PP Forward
1 - 46% - 60% - 3:13
2 - 54% - 40% - 3:44
PP Defense
1 - 62% - 60% - 4:17
2 - 38% - 40% - 2:40
PK Forward
1 - 96% - 60% - 4:21
2 - 4% - 40% - 0:11
PK Defense
1 - 65% - 60% - 2:58
2 - 35% - 40% - 1:34
PK3 Forward
1 - 0% - 60%
2 - 0% - 40%
PK3 Defense
1 - 0% - 60%
2 - 0% - 40%
44 Forward
1 - 0% - 60%
2 - 0% - 40%
44 Defense
1 - 0% - 60%
2 - 0% - 40%
Last Minute Offensive  - 0:12
Last Minute Defensive  - 0:00
Total
Forward - 60:00
Defense - 60:00

Play-by-Play

1st period


0:01 of 1st period - Tim Connolly wins face-off versus Steven Stamkos in neutral zone.
0:26 of 1st period - Ales Hemsky is hit by Logan Couture and loses puck.
0:54 of 1st period - Wrist shot by Oleg Saprykin.
0:54 of 1st period - Shot Misses the Net.
1:08 of 1st period - Slapshot by Carson Mcmillan.
1:08 of 1st period - Stopped by Jacob Markstrom with a rebound.
1:10 of 1st period - Slapshot by Philip Samuelsson.
1:10 of 1st period - Shot Misses the Net.
1:12 of 1st period - Slapshot by Carson Mcmillan.
1:12 of 1st period - Stopped by Jacob Markstrom without a rebound.
1:13 of 1st period - Tyler Seguin wins face-off versus Steven Stamkos in Penguins zone.
1:22 of 1st period - Snap shot by Adam Henrique.
1:22 of 1st period - Stopped by Jacob Markstrom with a rebound.
1:47 of 1st period - Wrist shot by David Booth.
1:47 of 1st period - Stopped by James Reimer with a rebound.
1:49 of 1st period - Snap shot by Dustin Brown.
1:49 of 1st period - Stopped by James Reimer without a rebound.
1:50 of 1st period - Riley Sheahan wins face-off versus Tim Connolly in Red Wings zone.
2:05 of 1st period - Slapshot by Keith Aulie.
2:05 of 1st period - Stopped by James Reimer with a rebound.
2:51 of 1st period - Slapshot by Mike Komisarek.
2:51 of 1st period - Stopped by James Reimer without a rebound.
2:52 of 1st period - Logan Couture wins face-off versus Tim Connolly in Red Wings zone.
3:24 of 1st period - Snap shot by Sean Bergenheim.
3:24 of 1st period - Shot Misses the Net.
3:38 of 1st period - Minor Penalty to Tyler Toffoli for High sticking.
3:39 of 1st period - Steven Stamkos wins face-off versus Chris Kelly in Red Wings zone.
4:06 of 1st period - Steven Stamkos is hit by Sean Bergenheim and loses puck.
4:17 of 1st period - Jiri Fischer is hit by Dustin Brown and loses puck.
4:26 of 1st period - Slapshot by David Booth.
4:26 of 1st period - Shot Misses the Net.
4:28 of 1st period - Slapshot by Sean Zimmerman.
4:28 of 1st period - Stopped by James Reimer without a rebound.
4:29 of 1st period - Logan Couture wins face-off versus Oleg Saprykin in Red Wings zone.
4:41 of 1st period - Icing by Keith Aulie.
4:42 of 1st period - Dustin Brown wins face-off versus Oleg Saprykin in Penguins zone.
4:47 of 1st period - Wrist shot by Dustin Brown.
4:47 of 1st period - Shot Misses the Net.
5:19 of 1st period - Wrist shot by Dustin Brown.
5:19 of 1st period - Shot Misses the Net.
5:38 of 1st period - Penalty to Tyler Toffoli is over, Tyler Toffoli is back on ice.
5:41 of 1st period - Wrist shot by Sean Bergenheim.
5:41 of 1st period - Deflect By Oleg Saprykin.
5:41 of 1st period - Shot Misses the Net.
5:41 of 1st period - Puck is out of play.
5:42 of 1st period - Tyler Seguin wins face-off versus Steven Stamkos in Penguins zone.
5:55 of 1st period - Backhand shot by Tyler Seguin.
5:55 of 1st period - Shot Misses the Net.
5:57 of 1st period - Snap shot by Ole-Kristian Tollefsen.
5:57 of 1st period - Deflect By Steven Stamkos.
5:57 of 1st period - Stopped by Jacob Markstrom without a rebound.
5:58 of 1st period - Steven Stamkos wins face-off versus Tim Connolly in Penguins zone.
6:09 of 1st period - Snap shot by Steven Stamkos.
6:09 of 1st period - Deflect By Andrew Cogliano.
6:09 of 1st period - Stopped by James Reimer without a rebound.
6:10 of 1st period - Steven Stamkos wins face-off versus Tyler Seguin in Red Wings zone.
6:47 of 1st period - Wrist shot by Sean Bergenheim.
6:47 of 1st period - Stopped by Jacob Markstrom with a rebound.
8:21 of 1st period - Ryan O'Byrne is hit by Cal Clutterbuck and loses puck.
8:32 of 1st period - Wrist shot by Cal Clutterbuck.
8:32 of 1st period - Stopped by James Reimer with a rebound.
8:44 of 1st period - Paul Ranger is hit by Jiri Fischer and loses puck.
9:13 of 1st period - Snap shot by David Booth.
9:13 of 1st period - Shot Blocked by Ole-Kristian Tollefsen.
9:29 of 1st period - Philip Samuelsson is hit by Cal Clutterbuck and loses puck.
9:54 of 1st period - Snap shot by Tyler Toffoli.
9:54 of 1st period - Shot Misses the Net.
10:00 of 1st period - Tim Connolly is hit by Martin St. Louis.
10:12 of 1st period - Slapshot by Eric Gryba.
10:12 of 1st period - Deflect By Jiri Fischer.
10:12 of 1st period - Stopped by James Reimer with a rebound.
10:20 of 1st period - Wrist shot by Dustin Brown.
10:20 of 1st period - Stopped by James Reimer without a rebound.
10:21 of 1st period - Steven Stamkos wins face-off versus Tyler Toffoli in Red Wings zone.
10:46 of 1st period - Snap shot by Tyler Seguin.
10:46 of 1st period - Stopped by Jacob Markstrom without a rebound.
10:47 of 1st period - Logan Couture wins face-off versus Tyler Seguin in Penguins zone.
11:16 of 1st period - Snap shot by Sean Bergenheim.
11:16 of 1st period - Deflect By Tim Connolly.
11:16 of 1st period - Goal by Tim Connolly - Red Wings : 1 - Penguins : 0.
11:17 of 1st period - Steven Stamkos wins face-off versus Tyler Seguin in neutral zone.
11:26 of 1st period - Snap shot by Andrew Cogliano.
11:26 of 1st period - Deflect By Steven Stamkos.
11:26 of 1st period - Shot Misses the Net.
11:26 of 1st period - Puck is out of play.
11:27 of 1st period - Steven Stamkos wins face-off versus Tyler Seguin in Red Wings zone.
11:53 of 1st period - Minor Penalty to Andrew Cogliano for Slashing.
11:54 of 1st period - Tyler Seguin wins face-off versus Steven Stamkos in Penguins zone.
13:53 of 1st period - Penalty to Andrew Cogliano is over, Andrew Cogliano is back on ice.
14:26 of 1st period - Jiri Fischer is hit by Riley Armstrong and loses puck.
14:51 of 1st period - Slapshot by Jiri Hudler.
14:51 of 1st period - Stopped by Jacob Markstrom without a rebound.
14:52 of 1st period - Vladislav Namestnikov wins face-off versus Andrew Cogliano in Penguins zone.
15:01 of 1st period - Slapshot by Carson Mcmillan.
15:01 of 1st period - Shot Misses the Net.
15:07 of 1st period - Lubomir Visnovsky is hit by T.J. Oshie and loses puck.
15:18 of 1st period - Slapshot by D.J King.
15:18 of 1st period - Deflect By Lubomir Visnovsky.
15:18 of 1st period - Shot Misses the Net.
15:18 of 1st period - Puck is out of play.
15:19 of 1st period - Riley Sheahan wins face-off versus Tim Connolly in Red Wings zone.
15:22 of 1st period - Snap shot by D.J King.
15:22 of 1st period - Shot Misses the Net.
15:32 of 1st period - Wrist shot by Tim Connolly.
15:32 of 1st period - Stopped by Jacob Markstrom with a rebound.
15:34 of 1st period - Wrist shot by Tyler Toffoli.
15:34 of 1st period - Stopped by Jacob Markstrom with a rebound.
15:44 of 1st period - Wrist shot by Mike Komisarek.
15:44 of 1st period - Shot Misses the Net.
15:46 of 1st period - Wrist shot by Steven Stamkos.
15:46 of 1st period - Stopped by James Reimer with a rebound.
15:48 of 1st period - Slapshot by T.J. Oshie.
15:48 of 1st period - Stopped by James Reimer without a rebound.
15:49 of 1st period - Tyler Seguin wins face-off versus Steven Stamkos in Red Wings zone.
15:51 of 1st period - Minor Penalty to Ales Hemsky for Hooking.
15:52 of 1st period - Oleg Saprykin wins face-off versus T.J. Oshie in Red Wings zone.
16:02 of 1st period - Anton Volchenkov is hit by Steven Stamkos.
16:22 of 1st period - Wrist shot by David Booth.
16:22 of 1st period - Stopped by James Reimer with a rebound.
16:24 of 1st period - Slapshot by Mike Komisarek.
16:24 of 1st period - Goal by Mike Komisarek - Red Wings : 1 - Penguins : 1.
16:25 of 1st period - Steven Stamkos wins face-off versus Tyler Seguin in neutral zone.
16:58 of 1st period - Snap shot by Dustin Brown.
16:58 of 1st period - Shot Blocked by Jiri Fischer.
17:00 of 1st period - Slapshot by Keith Aulie.
17:00 of 1st period - Shot Hit the Post.
17:13 of 1st period - Off-side.
17:14 of 1st period - Chris Kelly wins face-off versus Riley Armstrong in neutral zone.
17:23 of 1st period - Slapshot by Oleg Saprykin.
17:23 of 1st period - Shot Misses the Net.
17:25 of 1st period - Wrist shot by Chris Kelly.
17:25 of 1st period - Goal by Chris Kelly - Red Wings : 2 - Penguins : 1.
17:26 of 1st period - Tim Connolly wins face-off versus Steven Stamkos in neutral zone.
17:29 of 1st period - Wrist shot by Ryan O'Byrne.
17:29 of 1st period - Stopped by Jacob Markstrom without a rebound.
17:30 of 1st period - Tim Connolly wins face-off versus Steven Stamkos in Penguins zone.
18:02 of 1st period - Off-side.
18:03 of 1st period - Tyler Seguin wins face-off versus Logan Couture in neutral zone.
18:30 of 1st period - Steven Stamkos is hit by Sean Bergenheim and loses puck.
19:17 of 1st period - Ryan O'Byrne is hit by Marcus Foligno and loses puck.
19:26 of 1st period - Snap shot by Marcus Foligno.
19:26 of 1st period - Stopped by James Reimer without a rebound.
19:27 of 1st period - Steven Stamkos wins face-off versus Tim Connolly in Red Wings zone.
19:28 of 1st period - Wrist shot by T.J. Oshie.
19:28 of 1st period - Stopped by James Reimer without a rebound.
19:29 of 1st period - Steven Stamkos wins face-off versus Tim Connolly in Red Wings zone.
19:38 of 1st period - Eric Gryba is hit by Tim Connolly and loses puck.
19:57 of 1st period - Snap shot by Dustin Brown.
19:57 of 1st period - Stopped by James Reimer without a rebound.
19:58 of 1st period - Tyler Seguin wins face-off versus Logan Couture in Red Wings zone.
19:58 of 1st period - Tyler Seguin is hit by David Booth.
Goals for this period are 2 for Red Wings vs 1 for Penguins.
Shots for this period are 12 for Red Wings vs 16 for Penguins.

2nd period


0:01 of 2nd period - Tyler Seguin wins face-off versus Steven Stamkos in neutral zone.
0:04 of 2nd period - Wrist shot by Ales Hemsky.
0:04 of 2nd period - Stopped by Jacob Markstrom without a rebound.
0:05 of 2nd period - Steven Stamkos wins face-off versus Adam Henrique in Penguins zone.
0:22 of 2nd period - Wrist shot by Andrew Cogliano.
0:22 of 2nd period - Stopped by James Reimer with a rebound.
0:56 of 2nd period - Oleg Saprykin is hit by Cal Clutterbuck and loses puck.
1:13 of 2nd period - Riley Armstrong is hit by Carson Mcmillan.
1:17 of 2nd period - Slapshot by Mike Komisarek.
1:17 of 2nd period - Stopped by James Reimer with a rebound.
1:37 of 2nd period - Snap shot by Tyler Seguin.
1:37 of 2nd period - Shot Blocked by Eric Gryba.
1:39 of 2nd period - Slapshot by Ole-Kristian Tollefsen.
1:39 of 2nd period - Stopped by Jacob Markstrom without a rebound.
1:40 of 2nd period - Logan Couture wins face-off versus Tim Connolly in Penguins zone.
2:14 of 2nd period - Snap shot by Adam Henrique.
2:14 of 2nd period - Stopped by Jacob Markstrom without a rebound.
2:15 of 2nd period - Logan Couture wins face-off versus Tim Connolly in Penguins zone.
2:47 of 2nd period - Snap shot by Andrew Cogliano.
2:47 of 2nd period - Shot Blocked by Oleg Saprykin.
3:07 of 2nd period - Snap shot by Vladislav Namestnikov.
3:07 of 2nd period - Shot Blocked by Andrew Cogliano.
3:09 of 2nd period - Wrist shot by Michael Haley.
3:09 of 2nd period - Shot Blocked by Steven Stamkos.
3:11 of 2nd period - Snap shot by Vladislav Namestnikov.
3:11 of 2nd period - Shot Misses the Net.
3:13 of 2nd period - Snap shot by Michael Haley.
3:13 of 2nd period - Stopped by Jacob Markstrom without a rebound.
3:14 of 2nd period - Logan Couture wins face-off versus Tim Connolly in Penguins zone.
3:26 of 2nd period - Minor Penalty to Keith Aulie for High sticking.
3:27 of 2nd period - Tyler Seguin wins face-off versus Steven Stamkos in Penguins zone.
3:53 of 2nd period - Ales Hemsky is hit by Sean Zimmerman and loses puck.
4:00 of 2nd period - Snap shot by Ryan O'Byrne.
4:00 of 2nd period - Goal by Ryan O'Byrne - Red Wings : 3 - Penguins : 1.
4:01 of 2nd period - Tyler Seguin wins face-off versus Steven Stamkos in neutral zone.
4:10 of 2nd period - Snap shot by Ales Hemsky.
4:10 of 2nd period - Stopped by Jacob Markstrom without a rebound.
4:11 of 2nd period - Steven Stamkos wins face-off versus Tyler Seguin in Penguins zone.
4:50 of 2nd period - Snap shot by Ales Hemsky.
4:50 of 2nd period - Shot Misses the Net.
4:52 of 2nd period - Slapshot by Ryan O'Byrne.
4:52 of 2nd period - Shot Blocked by Sean Zimmerman.
4:54 of 2nd period - Slapshot by Jiri Fischer.
4:54 of 2nd period - Stopped by Jacob Markstrom with a rebound.
4:56 of 2nd period - Slapshot by Ryan O'Byrne.
4:56 of 2nd period - Shot Misses the Net.
4:58 of 2nd period - Slapshot by Ryan O'Byrne.
4:58 of 2nd period - Shot Blocked by Steven Stamkos.
5:00 of 2nd period - Slapshot by Adam Henrique.
5:00 of 2nd period - Stopped by Jacob Markstrom without a rebound.
5:01 of 2nd period - Logan Couture wins face-off versus Tim Connolly in Penguins zone.
5:12 of 2nd period - Snap shot by Mike Komisarek.
5:12 of 2nd period - Goal by Mike Komisarek - Red Wings : 3 - Penguins : 2.
5:13 of 2nd period - Logan Couture wins face-off versus Tyler Toffoli in neutral zone.
5:19 of 2nd period - Minor Penalty to Philip Samuelsson for Slashing.
5:20 of 2nd period - Chris Kelly wins face-off versus Steven Stamkos in Red Wings zone.
5:30 of 2nd period - Wrist shot by Andrew Cogliano.
5:30 of 2nd period - Deflect By T.J. Oshie.
5:30 of 2nd period - Shot Blocked by Jiri Fischer.
5:30 of 2nd period - Puck is out of play.
5:31 of 2nd period - Steven Stamkos wins face-off versus Sean Bergenheim in Red Wings zone.
5:50 of 2nd period - Ryan O'Byrne is hit by Andrew Cogliano and loses puck.
6:25 of 2nd period - Snap shot by Carson Mcmillan.
6:25 of 2nd period - Shot Blocked by Eric Gryba.
7:19 of 2nd period - Penalty to Philip Samuelsson is over, Philip Samuelsson is back on ice.
7:34 of 2nd period - Chris Kelly is hit by Riley Sheahan and loses puck.
8:10 of 2nd period - Backhand shot by Adam Henrique.
8:10 of 2nd period - Shot Misses the Net.
8:12 of 2nd period - Slapshot by Lubomir Visnovsky.
8:12 of 2nd period - Shot Misses the Net.
8:25 of 2nd period - Icing by Paul Ranger.
8:26 of 2nd period - Tim Connolly wins face-off versus Riley Sheahan in Penguins zone.
8:43 of 2nd period - Snap shot by D.J King.
8:43 of 2nd period - Stopped by James Reimer without a rebound.
8:44 of 2nd period - Logan Couture wins face-off versus Tyler Seguin in Red Wings zone.
8:47 of 2nd period - Slapshot by Dustin Brown.
8:47 of 2nd period - Stopped by James Reimer without a rebound.
8:48 of 2nd period - Logan Couture wins face-off versus Tyler Seguin in Red Wings zone.
9:59 of 2nd period - Jiri Fischer is hit by Martin St. Louis and loses puck.
10:52 of 2nd period - Snap shot by Steven Stamkos.
10:52 of 2nd period - Stopped by James Reimer with a rebound.
10:54 of 2nd period - Snap shot by Paul Ranger.
10:54 of 2nd period - Shot Blocked by Tim Connolly.
10:56 of 2nd period - Slapshot by Christian Ehrhoff.
10:56 of 2nd period - Stopped by James Reimer without a rebound.
10:57 of 2nd period - Tyler Seguin wins face-off versus Riley Sheahan in Red Wings zone.
10:57 of 2nd period - Tyler Seguin is hit by Riley Sheahan.
12:28 of 2nd period - Philip Samuelsson is hit by Sean Zimmerman and loses puck.
12:51 of 2nd period - Snap shot by Steven Stamkos.
12:51 of 2nd period - Shot Misses the Net.
13:09 of 2nd period - Steven Stamkos is hit by Jiri Hudler and loses puck.
13:29 of 2nd period - Minor Penalty to Vladislav Namestnikov for Holding.
13:30 of 2nd period - Chris Kelly wins face-off versus Logan Couture in Red Wings zone.
13:43 of 2nd period - Snap shot by Chris Kelly.
13:43 of 2nd period - Shot Misses the Net.
15:06 of 2nd period - Jiri Fischer is hit by Riley Sheahan and loses puck.
15:21 of 2nd period - Sean Bergenheim is hit by Logan Couture and loses puck.
15:29 of 2nd period - Penalty to Vladislav Namestnikov is over, Vladislav Namestnikov is back on ice.
15:43 of 2nd period - Slapshot by Eric Gryba.
15:43 of 2nd period - Stopped by James Reimer without a rebound.
15:44 of 2nd period - Tyler Seguin wins face-off versus Riley Armstrong in Red Wings zone.
16:33 of 2nd period - Backhand shot by Tyler Toffoli.
16:33 of 2nd period - Deflect By Sean Bergenheim.
16:33 of 2nd period - Shot Misses the Net.
16:33 of 2nd period - Puck is out of play.
16:34 of 2nd period - Tim Connolly wins face-off versus Steven Stamkos in Penguins zone.
16:35 of 2nd period - Backhand shot by Sean Bergenheim.
16:35 of 2nd period - Stopped by Jacob Markstrom with a rebound.
17:06 of 2nd period - Slapshot by Keith Aulie.
17:06 of 2nd period - Stopped by James Reimer without a rebound.
17:07 of 2nd period - Steven Stamkos wins face-off versus Chris Kelly in Red Wings zone.
18:00 of 2nd period - Snap shot by Michael Haley.
18:00 of 2nd period - Shot Misses the Net.
18:02 of 2nd period - Snap shot by Michael Haley.
18:02 of 2nd period - Stopped by Jacob Markstrom without a rebound.
18:03 of 2nd period - Steven Stamkos wins face-off versus Sean Bergenheim in Penguins zone.
18:30 of 2nd period - Ryan O'Byrne is hit by D.J King and loses puck.
18:37 of 2nd period - Snap shot by Cal Clutterbuck.
18:37 of 2nd period - Stopped by James Reimer without a rebound.
18:38 of 2nd period - Tyler Seguin wins face-off versus Logan Couture in Red Wings zone.
19:12 of 2nd period - Snap shot by David Booth.
19:12 of 2nd period - Shot Blocked by Chris Kelly.
19:14 of 2nd period - Wrist shot by David Booth.
19:14 of 2nd period - Shot Misses the Net.
19:52 of 2nd period - Slapshot by Ole-Kristian Tollefsen.
19:52 of 2nd period - Stopped by Jacob Markstrom without a rebound.
19:53 of 2nd period - Tyler Toffoli wins face-off versus Steven Stamkos in Penguins zone.
Goals for this period are 1 for Red Wings vs 1 for Penguins.
Shots for this period are 11 for Red Wings vs 10 for Penguins.

3rd period


0:01 of 3rd period - Steven Stamkos wins face-off versus Tim Connolly in neutral zone.
0:04 of 3rd period - Slapshot by Eric Gryba.
0:04 of 3rd period - Deflect By T.J. Oshie.
0:04 of 3rd period - Shot Misses the Net.
0:04 of 3rd period - Puck is out of play.
0:05 of 3rd period - Steven Stamkos wins face-off versus Tim Connolly in Red Wings zone.
0:25 of 3rd period - Minor Penalty to Tim Connolly for Tripping.
0:26 of 3rd period - Steven Stamkos wins face-off versus Chris Kelly in Red Wings zone.
0:52 of 3rd period - Slapshot by Dustin Brown.
0:52 of 3rd period - Goal by Dustin Brown - Red Wings : 3 - Penguins : 3.
0:53 of 3rd period - Steven Stamkos wins face-off versus Sean Bergenheim in neutral zone.
1:19 of 3rd period - Ales Hemsky is hit by Sean Zimmerman and loses puck.
1:51 of 3rd period - Slapshot by Riley Armstrong.
1:51 of 3rd period - Shot Blocked by Philip Samuelsson.
3:51 of 3rd period - Riley Sheahan is hit by Carson Mcmillan and loses puck.
3:56 of 3rd period - Slapshot by Carson Mcmillan.
3:56 of 3rd period - Goal by Carson Mcmillan - Red Wings : 4 - Penguins : 3.
3:57 of 3rd period - Tim Connolly wins face-off versus Steven Stamkos in neutral zone.
4:33 of 3rd period - Wrist shot by Adam Henrique.
4:33 of 3rd period - Shot Misses the Net.
5:04 of 3rd period - Paul Ranger is hit by Tyler Toffoli and loses puck.
5:19 of 3rd period - David Booth is hit by Tyler Seguin.
5:46 of 3rd period - Icing by Sean Bergenheim.
5:47 of 3rd period - Logan Couture wins face-off versus Tim Connolly in Red Wings zone.
5:48 of 3rd period - Slapshot by Dustin Brown.
5:48 of 3rd period - Shot Misses the Net.
6:02 of 3rd period - Sean Bergenheim is hit by David Booth and loses puck.
6:11 of 3rd period - Snap shot by Tyler Toffoli.
6:11 of 3rd period - Shot Blocked by Keith Aulie.
6:15 of 3rd period - Wrist shot by Sean Bergenheim.
6:15 of 3rd period - Shot Misses the Net.
6:17 of 3rd period - Wrist shot by Tim Connolly.
6:17 of 3rd period - Shot Misses the Net.
6:19 of 3rd period - Wrist shot by Sean Bergenheim.
6:19 of 3rd period - Shot Misses the Net.
6:21 of 3rd period - Slapshot by Ole-Kristian Tollefsen.
6:21 of 3rd period - Stopped by Jacob Markstrom without a rebound.
6:22 of 3rd period - Tyler Seguin wins face-off versus Logan Couture in Penguins zone.
6:32 of 3rd period - Mike Komisarek is hit by Tyler Seguin and loses puck.
6:39 of 3rd period - Snap shot by David Booth.
6:39 of 3rd period - Stopped by James Reimer without a rebound.
6:40 of 3rd period - Chris Kelly wins face-off versus T.J. Oshie in Red Wings zone.
6:40 of 3rd period - Chris Kelly is hit by Steven Stamkos.
6:46 of 3rd period - Wrist shot by Oleg Saprykin.
6:46 of 3rd period - Goal by Oleg Saprykin - Red Wings : 5 - Penguins : 3.
6:47 of 3rd period - Tim Connolly wins face-off versus Steven Stamkos in neutral zone.
6:54 of 3rd period - Wrist shot by Tyler Toffoli.
6:54 of 3rd period - Shot Misses the Net.
6:56 of 3rd period - Snap shot by Sean Bergenheim.
6:56 of 3rd period - Shot Misses the Net.
6:58 of 3rd period - Wrist shot by Tim Connolly.
6:58 of 3rd period - Shot Misses the Net.
7:00 of 3rd period - Slapshot by Ole-Kristian Tollefsen.
7:00 of 3rd period - Stopped by Jacob Markstrom without a rebound.
7:01 of 3rd period - Tyler Seguin wins face-off versus Steven Stamkos in Penguins zone.
7:06 of 3rd period - Backhand shot by Ales Hemsky.
7:06 of 3rd period - Stopped by Jacob Markstrom without a rebound.
7:07 of 3rd period - Tyler Seguin wins face-off versus Steven Stamkos in Penguins zone.
7:12 of 3rd period - Snap shot by Adam Henrique.
7:12 of 3rd period - Stopped by Jacob Markstrom without a rebound.
7:13 of 3rd period - Steven Stamkos wins face-off versus Tim Connolly in Penguins zone.
7:15 of 3rd period - Minor Penalty to Steven Stamkos for Interference.
7:16 of 3rd period - Logan Couture wins face-off versus Tyler Seguin in Penguins zone.
7:30 of 3rd period - Slapshot by Philip Samuelsson.
7:30 of 3rd period - Deflect By Tyler Seguin.
7:30 of 3rd period - Shot Misses the Net.
7:30 of 3rd period - Puck is out of play.
7:31 of 3rd period - Tyler Seguin wins face-off versus Logan Couture in Penguins zone.
7:56 of 3rd period - Philip Samuelsson is hit by Keith Aulie and loses puck.
8:12 of 3rd period - Off-side.
8:13 of 3rd period - Tyler Seguin wins face-off versus D.J King in neutral zone.
8:53 of 3rd period - Logan Couture is hit by Jiri Fischer and loses puck.
9:04 of 3rd period - Ales Hemsky is hit by Sean Zimmerman and loses puck.
9:15 of 3rd period - Penalty to Steven Stamkos is over, Steven Stamkos is back on ice.
10:54 of 3rd period - Wrist shot by Jiri Hudler.
10:54 of 3rd period - Shot Misses the Net.
10:56 of 3rd period - Snap shot by Jiri Hudler.
10:56 of 3rd period - Stopped by Jacob Markstrom without a rebound.
10:57 of 3rd period - Logan Couture wins face-off versus Tim Connolly in Penguins zone.
11:22 of 3rd period - Anton Volchenkov is hit by Martin St. Louis.
11:38 of 3rd period - Icing by Keith Aulie.
11:39 of 3rd period - Riley Armstrong wins face-off versus Vladislav Namestnikov in Penguins zone.
11:46 of 3rd period - Slapshot by Sean Zimmerman.
11:46 of 3rd period - Stopped by James Reimer without a rebound.
11:47 of 3rd period - Logan Couture wins face-off versus Tim Connolly in Red Wings zone.
12:50 of 3rd period - Snap shot by Dustin Brown.
12:50 of 3rd period - Goal by Dustin Brown - Red Wings : 5 - Penguins : 4.
12:51 of 3rd period - Ales Hemsky wins face-off versus Steven Stamkos in neutral zone.
12:51 of 3rd period - Ales Hemsky is hit by T.J. Oshie.
13:10 of 3rd period - Andrew Cogliano is hit by Adam Henrique and loses puck.
13:23 of 3rd period - Chris Kelly is hit by D.J King and loses puck.
13:44 of 3rd period - Slapshot by Michael Haley.
13:44 of 3rd period - Stopped by Jacob Markstrom without a rebound.
13:45 of 3rd period - Riley Armstrong wins face-off versus Vladislav Namestnikov in Penguins zone.
13:51 of 3rd period - Wrist shot by Riley Armstrong.
13:51 of 3rd period - Stopped by James Reimer without a rebound.
13:52 of 3rd period - Tyler Seguin wins face-off versus T.J. Oshie in Red Wings zone.
14:01 of 3rd period - Wrist shot by Ales Hemsky.
14:01 of 3rd period - Stopped by Jacob Markstrom without a rebound.
14:02 of 3rd period - Steven Stamkos wins face-off versus Tyler Seguin in Penguins zone.
14:04 of 3rd period - Icing by Andrew Cogliano.
14:05 of 3rd period - Steven Stamkos wins face-off versus Tyler Seguin in Penguins zone.
14:30 of 3rd period - Tim Connolly is hit by Logan Couture and loses puck.
15:15 of 3rd period - Backhand shot by Martin St. Louis.
15:15 of 3rd period - Stopped by James Reimer with a rebound.
15:17 of 3rd period - Slapshot by Eric Gryba.
15:17 of 3rd period - Deflect By Riley Armstrong.
15:17 of 3rd period - Stopped by James Reimer without a rebound.
15:18 of 3rd period - Tyler Seguin wins face-off versus Steven Stamkos in Red Wings zone.
15:30 of 3rd period - Wrist shot by Adam Henrique.
15:30 of 3rd period - Shot Blocked by Paul Ranger.
15:32 of 3rd period - Slapshot by Anton Volchenkov.
15:32 of 3rd period - Deflect By Ales Hemsky.
15:32 of 3rd period - Stopped by Jacob Markstrom with a rebound.
15:57 of 3rd period - Snap shot by D.J King.
15:57 of 3rd period - Stopped by James Reimer without a rebound.
15:58 of 3rd period - Riley Sheahan wins face-off versus Tim Connolly in Red Wings zone.
16:03 of 3rd period - Slapshot by Riley Sheahan.
16:03 of 3rd period - Stopped by James Reimer without a rebound.
16:04 of 3rd period - Tim Connolly wins face-off versus Riley Sheahan in Red Wings zone.
16:09 of 3rd period - Wrist shot by Ole-Kristian Tollefsen.
16:09 of 3rd period - Stopped by Jacob Markstrom without a rebound.
16:10 of 3rd period - Tim Connolly wins face-off versus Riley Sheahan in Penguins zone.
17:05 of 3rd period - Wrist shot by Oleg Saprykin.
17:05 of 3rd period - Shot Misses the Net.
17:23 of 3rd period - Slapshot by Ales Hemsky.
17:23 of 3rd period - Shot Misses the Net.
17:29 of 3rd period - Ales Hemsky is hit by Christian Ehrhoff and loses puck.
17:42 of 3rd period - Jiri Fischer is hit by Cal Clutterbuck and loses puck.
18:15 of 3rd period - Slapshot by Andrew Cogliano.
18:15 of 3rd period - Stopped by James Reimer with a rebound.
18:17 of 3rd period - Wrist shot by Paul Ranger.
18:17 of 3rd period - Stopped by James Reimer without a rebound.
18:18 of 3rd period - Logan Couture wins face-off versus Tim Connolly in Red Wings zone.
18:31 of 3rd period - Wrist shot by Philip Samuelsson.
18:31 of 3rd period - Deflect By Keith Aulie.
18:31 of 3rd period - Stopped by Jacob Markstrom without a rebound.
18:32 of 3rd period - Riley Sheahan wins face-off versus Chris Kelly in Penguins zone.
18:32 of 3rd period - Riley Sheahan is hit by Chris Kelly.
18:46 of 3rd period - Penguins, Jacob Markstrom is pulled from the net.
18:46 of 3rd period - Wrist shot by Cal Clutterbuck.
18:46 of 3rd period - Shot Blocked by Jiri Hudler.
18:48 of 3rd period - Wrist shot by Keith Aulie.
18:48 of 3rd period - Stopped by James Reimer with a rebound.
19:03 of 3rd period - Snap shot by Chris Kelly.
19:03 of 3rd period - Goal by Chris Kelly - Red Wings : 6 - Penguins : 4.
19:03 of 3rd period - Jacob Markstrom from Penguins was sent back in the game.
19:04 of 3rd period - Riley Sheahan wins face-off versus Tim Connolly in neutral zone.
19:23 of 3rd period - Tyler Toffoli is hit by Cal Clutterbuck and loses puck.
Goals for this period are 3 for Red Wings vs 2 for Penguins.
Shots for this period are 13 for Red Wings vs 12 for Penguins.